 Dungeon Crawl Stone Soup version 0.30-a0-778-g2ef04afb54 (webtiles) character file.

Game seed: 8085482931450048736

109 Pimp the Slasher (level 4, -4/40 HPs)
             Began as a Draconian Berserker on Feb 15, 2023.
             Was a Believer of Trog.
             Slain by an orc
             ... wielding a +0 hand axe
              (6 damage)
             ... on level 3 of the Dungeon.
             The game lasted 00:03:39 (1948 turns).

Pimp the Slasher (Draconian Berserker)              Turns: 1948, Time: 00:03:40

Health: -4/40      AC:  5    Str: 21    XL:     4   Next: 59%
Magic:  4/4        EV: 12    Int:  8    God:    Trog [**....]
Gold:   116        SH:  0    Dex: 10    Spells: 3/3 levels left

rFire   . . .      SeeInvis .    a - +0 falchion
rCold   . . .      Faith    .    (no shield)
rNeg    . . .      Spirit   .    (body armour unavailable)
rPois   .          Reflect  .    (helmet restricted)
rElec   .          Harm     .    (no cloak)
rCorr   .          Rampage  .    (no gloves)
Will    .....                    (no boots)
Stlth   +                        (no amulet)
HPRegen 0.26/turn                (no ring)
MPRegen 0.09/turn                (no ring)

@: no status effects
A: AC +5, unfitting armour, cold-blooded
a: Renounce Religion, Berserk, Trog's Hand


You were on level 3 of the Dungeon.
You worshipped Trog.
Trog was pleased with you.
You visited 1 branch of the dungeon, and saw 3 of its levels.

You collected 116 gold pieces.

Inventory:

Hand Weapons
 a - a +0 falchion (weapon)
Scrolls
 b - 2 scrolls of identify {unknown}
 c - 2 scrolls of vulnerability {unknown}
 g - a scroll of torment {unknown}
 h - a scroll of magic mapping {unknown}
 i - a scroll of fear {unknown}
 j - a scroll of enchant weapon {unknown}
 k - 4 scrolls of teleportation {unknown}
 m - a scroll of poison {unknown}
Potions
 d - a potion of heal wounds {unknown}
 e - a potion of curing {unknown}
 f - a potion of haste {unknown}
 l - a potion of cancellation {unknown}
 n - a potion of might {unknown}
 o - a potion of resistance {unknown}


   Skills:
 + Level 4.0 Fighting
 + Level 4.2 Long Blades
 + Level 3.4 Dodging
 + Level 1.0 Stealth


You had 3 spell levels left.
You didn't know any spells.
Your spell library was empty.

Dungeon Overview and Level Annotations

Branches:
Dungeon (3/15)

Altars:
Uskayaw
Vehumet


Innate Abilities, Weirdness & Mutations

Your plain brown scales are hard. (AC +5)
You cannot fit into any form of body armour.
You are cold-blooded and may be slowed by cold attacks.


Message History

You hit the orc wizard but do no damage.
The orc wizard is moderately wounded.
The orc closely misses you. x2; The orc hits you but does no damage.
The orc hits you with a +0 dagger. The orc wizard completely misses you.
You hit the orc wizard.
The orc wizard is severely wounded.
The orc wizard points at you and mumbles some strange words.
The puff of flame hits you. The orc barely misses you.
The orc hits you with a +0 club. The orc hits you but does no damage.
The orc hits you with a +0 hand axe.
You hit the orc wizard.
The orc wizard is severely wounded.
The orc wizard points at you and mumbles some strange words.
The puff of flame hits you. The orc misses you.
The orc hits you with a +0 club. The orc hits you with a +0 hand axe.
The orc closely misses you.
You closely miss the orc wizard.
Your tail-slap misses the orc wizard.
The orc wizard is severely wounded.
The orc barely misses you. The orc hits you but does no damage.
The orc closely misses you.
The orc wizard gestures at you while chanting.
You resist with some effort. The orc misses you.
You hit the orc wizard.
You kill the orc wizard!
Trog accepts your kill.
Trog appreciates your killing of a magic user.
The orc hits you with a +0 club. The orc hits you with a +0 flail.
The orc barely misses you. The orc hits you but does no damage. x2
The orc barely misses you. x2; The orc hits you but does no damage.
Your Stealth skill increases to level 1!
The orc attacks as you move away! The orc barely misses you.
The orc hits you with a +0 hand axe.
* * * LOW HITPOINT WARNING * * *
The orc barely misses you. The orc hits you with a +0 hand axe.
* * * LOW HITPOINT WARNING * * *
The orc hits the plant with a +0 club.
The plant begins to die.
The orc attacks as you move away! The orc closely misses you.
The orc attacks as you move away! The orc hits you with a +0 hand axe.
You die...

##.....##
###'### ..# #
#.# ...# #
#.### ...# #
#...##....## #
###..#...... #
##......... #
##.......... #
#.@......... #
♣♣♣♣oo.....###
# ♣~~Po.....##
#
.~~~.~.o)...##
#
~.~♣♣♣.....##
# ~~ ♣♣...## #
#.### # ..# #
### #


You could see 4 orcs.

Vanquished Creatures
  An orc wizard (D:3)
  2 adders
  A worm (D:2)
  A dart slug (D:3)
  4 orcs (D:3)
  4 bats
  6 endoplasms
  2 giant cockroaches
  5 goblins
  4 hobgoblins (D:2)
  5 jackals (D:1)
  2 quokkas
  3 frilled lizards
  7 kobolds
  5 rats
52 creatures vanquished.

Vanquished Creatures (others)
  2 plants (D:3)
2 creatures vanquished.

Grand Total: 54 creatures vanquished

Notes
Turn   | Place    | Note
-------+----------+-------------------------------------------
     0 | D:1      | Pimp the Draconian Berserker began the quest for the Orb.
     0 | D:1      | Reached XP level 1. HP: 19/19 MP: 1/1
   235 | D:1      | Reached XP level 2. HP: 19/26 MP: 2/2
   965 | D:2      | Reached XP level 3. HP: 32/33 MP: 3/3
   988 | D:2      | Reached ** piety under Trog
  1594 | D:3      | Found a hide-covered altar of Uskayaw.
  1631 | D:3      | Reached XP level 4. HP: 37/40 MP: 4/4
  1918 | D:3      | Found a radiant altar of Vehumet.
  1946 | D:3      | Reached skill level 1 in Stealth
  1947 | D:3      | HP: 2/40 [orc/+0 hand axe (6)]
  1948 | D:3      | Slain by an orc

Illustrated notes

Levels and vault maps discovered:
D:1:      psy_arrival_whirlpool, layout_loops_ring, minmay_misc_feat_x
D:2:      layout_loops_ring
D:3:      layout_basic, nicolae_vehumet_altar_sigil,
          mainiacjoe_overflow_concentric_impassable, ebering_ghost_rock_garden,
          serial_bayou_crossing

Skill      XL: |  1  2  3  4 |
---------------+-------------+-----
Dodging        | 3 |  3.4
Fighting       | 4 |  4.0
Long Blades    | 4 |  4.2
Stealth        | 1 |  1.0

Action                     |  1- 3 |  4- 6 || total
---------------------------+-------+-------++-------
  Melee: Falchion          |   147 |    31 ||   178
         Tailslap          |    17 |     1 ||    18
         Punch             |     1 |       ||     1
   Stab: Sleeping          |     2 |       ||     2
 Armour: Skin              |    51 |    16 ||    67
  Dodge: Dodged            |   112 |    41 ||   153

Table legend: (Time is in decaauts)
 A = Elapsed time spent in this place.
 B = Non-inter-level travel time spent in this place.
 C = Inter-level travel time spent in this place.
 D = Time resting spent in this place.
 E = Time spent auto-exploring this place.
 F = Levels seen in this place.
 G = Mean time per level.
                   A        B        C        D        E       F      G
               +--------+--------+--------+--------+--------+-----+--------+
         Total |   1972 |   1872 |    100 |      0 |   1368 |   3 |  657.3 |
       Dungeon |   1972 |   1872 |    100 |      0 |   1368 |   3 |  657.3 |
               +--------+--------+--------+--------+--------+-----+--------+

Top non-repeatable levels by time:
     D:1: 827 daAuts
     D:2: 722 daAuts
     D:3: 421 daAuts
